 Dungeon Crawl Stone Soup version 0.28.0 (webtiles) character file.

Game seed: 14606519773468129168

4685 snetch the Cleaver (level 10, 0/135 HPs)
             Began as a Minotaur Berserker on Feb 6, 2022.
             Was a Priest of Trog.
             Slain by a sun demon (19 damage)
             ... summoned by a kobold demonologist
             ... on level 7 of the Dungeon.
             The game lasted 00:26:34 (6704 turns).

snetch the Cleaver (Minotaur Berserker)             Turns: 6704, Time: 00:26:34

Health: 0/135      AC:  9    Str: 30    XL:     10   Next: 21%
Magic:  9/9        EV: 12    Int:  4    God:    Trog [***...]
Gold:   354        SH:  0    Dex:  9    Spells: 9/9 levels left

rFire   + . .      SeeInvis .   a - +1 hand axe (drain)
rCold   + . .      Faith    .   (no shield)
rNeg    . . .      Spirit   .   N - +1 ring mail of the Old World {Regen+ Str+3}
rPois   .          Reflect  .   (helmet restricted)
rElec   .          Harm     .   O - +0 cloak
rCorr   .          Rampage  .   (no gloves)
Will    ++...                   (no boots)
Stlth   ..........              (no amulet)
HPRegen 2.12/turn               q - ring of protection from cold
MPRegen 0.11/turn               z - ring of protection from fire

@: berserking, strong-willed, regenerating, very quick
A: horns 2, retaliatory headbutt
a: Renounce Religion, Berserk, Trog's Hand


You were on level 7 of the Dungeon.
You worshipped Trog.
Trog was most pleased with you.
You visited 2 branches of the dungeon, and saw 8 of its levels.

You collected 354 gold pieces.

Inventory:

Hand Weapons
 a - a +1 hand axe of draining (weapon)
 b - a +0 glaive of flaming
 F - a +4 short sword of freezing
 U - a +0 trident
 X - a +3 hand axe
 Y - a +2 flail of protection
Missiles
 e - 151 stones
 j - 74 arrows
 n - 55 sling bullets
 r - 2 boomerangs (quivered)
 x - 2 atropa-tipped darts
 E - 2 throwing nets
 I - 5 javelins
 P - 30 bolts
 S - 8 poisoned darts
Armour
 G - a +2 robe of resistance
 H - a +0 plate armour
 N - the +1 ring mail of the Old World (worn) {Regen+ Str+3}
   (You found it on level 4 of the Dungeon)

   Str:       It affects your strength (+3).
   Regen:     It increases your rate of health regeneration.
 O - a +0 cloak (worn)
Jewellery
 i - a ring of ice
 q - a ring of protection from cold (left hand)
 z - a ring of protection from fire (right hand)
 Z - a ring of willpower
Wands
 D - a wand of flame (18)
 L - a wand of acid (7)
 Q - a wand of iceblast (4)
Scrolls
 d - 4 scrolls of identify {unknown}
 f - 2 scrolls of fog {unknown}
 h - 6 scrolls of teleportation {unknown}
 k - a scroll of enchant armour {unknown}
 p - a scroll of magic mapping {unknown}
 s - 2 scrolls of blinking {unknown}
 u - a scroll of immolation {unknown}
 w - 5 scrolls of amnesia {unknown}
 y - 2 scrolls of silence {unknown}
 A - a scroll of brand weapon {unknown}
 J - a scroll of fear {unknown}
 T - a scroll of vulnerability {unknown}
Potions
 c - a potion of mutation {unknown}
 g - 2 potions of brilliance {unknown}
 l - 4 potions of magic {unknown}
 m - 2 potions of resistance {unknown}
 o - 2 potions of curing {unknown}
 t - a potion of berserk rage {unknown}
 v - a potion of heal wounds {unknown}
 B - 2 potions of attraction {unknown}
 C - a potion of haste
 K - 4 potions of degeneration {unknown}
 R - 2 potions of lignification {unknown}


   Skills:
 + Level 8.4 Fighting
 + Level 11.2(11.7) Axes
 + Level 5.0(8.9) Polearms
 + Level 2.5 Throwing
 + Level 8.6 Armour
 + Level 5.6 Dodging
 + Level 2.0 Stealth


You had 9 spell levels left.
You didn't know any spells.
Your spell library contained the following spells:

 Spells                   Type           Power      Damage    Failure   Level
 Animate Skeleton         Necr           0%         N/A       61%         1
 Apportation              Tloc           0%         N/A       61%         1
 Foxfire                  Conj/Fire      0%         2x1d4     61%         1
 Magic Dart               Conj           0%         1d3       61%         1
 Summon Small Mammal      Summ           0%         N/A       61%         1
 Searing Ray              Conj           0%         2d4       75%         2
 Conjure Flame            Conj/Fire      0%         6-21      93%         3
 Dazzling Flash           Conj/Hex       0%         N/A       93%         3
 Inner Flame              Hex/Fire       0%         N/A       93%         3
 Flame Wave               Conj/Fire      0%         2d4       100%        4
 Fulminant Prism          Conj/Hex       0%         3d6       100%        4
 Iskenderun's Mystic Bla  Conj/Tloc      0%         2d3       100%        4
 Starburst                Conj/Fire      0%         6d3       100%        6


Dungeon Overview and Level Annotations

Branches:
Dungeon (7/15)             Temple (1/1) D:6

Altars:
Cheibriados
Dithmenos
Elyvilon
Fedhas
Gozag
Hepliaklqana
Kikubaaqudgha
Okawaru
Qazlal
Ru
Sif Muna
Trog
Uskayaw
Vehumet
Wu Jian
Xom
Yredelemnul
Zin

Shops:
D:4 (

Annotations:
D:1 animals behind stone
D:6 3 runed translucent doors, BeavisTheGrey's ghost, novice TrMo; GrayStillPlays's ghost, novice DjCA; IowanPunch's ghost, amateur HOFi; Minsecho's ghost, novice OgAM
Temple eels behind rock


Innate Abilities, Weirdness & Mutations

You have a pair of horns on your head.
You reflexively headbutt those who attack you in melee.


Message History

Trog accepts your kill.
The kobold demonologist mumbles some strange words.
The kobold demonologist miscasts a cantrip.
The sun demon closely misses you.
You hit the sun demon.
The sun demon is lightly wounded.
The kobold demonologist casts a spell.
The sun demon closely misses you.
You closely miss the sun demon.
You headbutt the sun demon, but do no damage.
The sun demon is lightly wounded.
You closely miss the sun demon. Your headbutt misses the sun demon.
The sun demon is lightly wounded.
The sun demon barely misses you.
The kobold demonologist looks encouraged for a moment.
You hit the sun demon but do no damage.
The sun demon is lightly wounded.
The sun demon hits you!
You are engulfed in flames!
You resist.
The kobold demonologist gestures wildly while chanting.
Okay, then.
You hit the sun demon. Your headbutt misses the sun demon.
The sun demon is lightly wounded.
The sun demon misses you.
You hit the sun demon but do no damage.
The sun demon is lightly wounded.
The sun demon hits you!!
You are engulfed in flames.
You resist.
* * * LOW HITPOINT WARNING * * *
Your skin crawls.
You feel strong-willed. The sun demon hits you!
* * * LOW HITPOINT WARNING * * *
You are engulfed in flames.
You resist.
* * * LOW HITPOINT WARNING * * *
A red film seems to cover your vision as you go berserk!
You feel yourself moving faster!
You feel mighty! The sun demon closely misses you.
You barely miss the sun demon.
The sun demon is lightly wounded.
The sun demon hits you!!
You die...

♣... ♣♣.♣♣#......... ..♣♣♣
♣.(.♣#........# .h ...
#....###'# ... #....##..# ♣.♣
#......... # ###.###.........
... #.♣.♣.#.........
...ZH#♣♣#♣.♣†♣#....##..#
≈.$Z3K3@).♣.♣.#....##..#
...Z5#♣♣#♣.♣.♣#.....#... ...
#.♣.♣.#.....#... # ###
###.###....##..#
..♣♣#.....#....##..#
#.♣#.♣♣♣.#.....#..† +....♣
.#.....#...
.###########.♣♣†♣♣♣.#.....'...
♣...........♣♣♣.)[..#.....#...


You could see a sun demon (summoned), a manticore, a kobold demonologist, a
sixfirhy (summoned), a white imp (summoned), a bullfrog zombie, a centaur zombie
and a centaur skeleton.

Vanquished Creatures
  An ugly thing (D:7)
  Maggie (D:6)
  A troll (D:6)
  Grinder (D:4)
  Sigmund (D:3)
  A shadow (D:7)
  Eustachio (D:3)
  2 steam dragons (D:7)
  Edmund (D:6)
  3 water moccasins (D:7)
  Duvessa (D:6)
  2 sky beasts (D:7)
  An orc warrior (D:7)
  A hornet zombie (D:7)
  2 necrophages (D:6)
  2 ogres
  A centaur (D:6)
  A phantom (D:5)
  A kobold brigand (D:5)
  Blork the orc (D:6)
  A gnoll sergeant (D:7)
  3 scorpions
  Dowan (D:6)
  4 wights (D:7)
  A centaur zombie (D:6)
  4 hounds
  A jelly (D:7)
  4 orc priests
  4 bullfrog skeletons
  A gnoll shaman (D:5)
  Ijyb (D:4)
  5 orc wizards
  A hound skeleton (D:4)
  Robin (D:4)
  8 gnolls
  7 adders
  A shadow imp (D:6)
  3 ufetubi
  An adder skeleton (D:4)
  3 worms
  4 dart slugs
  23 orcs
  3 endoplasms
  5 giant cockroaches
  5 hobgoblins
  3 jackals (D:4)
  5 quokkas
  5 ball pythons
  5 bats
  2 frilled lizards (D:3)
  13 goblins
  14 kobolds
  5 rats (D:2)
  A spectral kobold (D:3)
174 creatures vanquished.

Vanquished Creatures (others)
  9 plants
  A withered plant (D:6)
10 creatures vanquished.

Grand Total: 184 creatures vanquished

Notes
Turn   | Place    | Note
-------+----------+-------------------------------------------
     0 | D:1      | snetch the Minotaur Berserker began the quest for the Orb.
     0 | D:1      | Reached XP level 1. HP: 19/19 MP: 0/0
     6 | D:1      | Noticed a wyvern
     6 | D:1      | Noticed a hound
     7 | D:1      | Noticed a lindwurm
     7 | D:1      | Noticed a komodo dragon
   193 | D:1      | Reached XP level 2. HP: 27/27 MP: 1/1
   675 | D:1      | Found a faded altar of an unknown god.
   679 | D:1      | Reached skill level 4 in Axes
   833 | D:1      | Reached XP level 3. HP: 34/34 MP: 2/2
   969 | D:2      | Reached ** piety under Trog
  1033 | D:3      | Reached XP level 4. HP: 41/41 MP: 3/3
  1055 | D:2      | Reached skill level 5 in Axes
  1124 | D:3      | Reached XP level 5. HP: 5/47 MP: 4/4
  1784 | D:3      | Reached skill level 6 in Axes
  2245 | D:4      | Noticed Sigmund
  2252 | D:4      | Noticed an ogre
  2264 | D:3      | Killed Sigmund
  2265 | D:3      | Reached skill level 5 in Fighting
  2265 | D:3      | Reached skill level 1 in Throwing
  2265 | D:3      | Reached XP level 6. HP: 53/56 MP: 5/5
  2375 | D:3      | Reached skill level 1 in Polearms
  2797 | D:4      | Noticed Eustachio
  2798 | D:4      | Reached skill level 1 in Stealth
  2816 | D:3      | Killed Eustachio
  2817 | D:3      | Reached skill level 7 in Axes
  2817 | D:3      | Reached XP level 7. HP: 24/61 MP: 6/6
  3098 | D:3      | Found a hazy altar of Hepliaklqana.
  3148 | D:3      | You fall into a shaft and drop 3 floors!
  3148 | D:6      | Noticed Blork the orc
  3148 | D:6      | Found a glowing silver altar of Zin.
  3153 | D:6      | Killed Blork the orc
  3158 | D:6      | Reached skill level 5 in Armour
  3192 | D:6      | Reached XP level 8. HP: 24/69 MP: 7/7
  3399 | D:5      | Entered Level 5 of the Dungeon
  3440 | D:6      | Noticed a troll
  3467 | D:6      | Killed a troll
  3758 | D:4      | Noticed Robin
  3771 | D:4      | Killed Robin
  4024 | D:4      | Reached *** piety under Trog
  4029 | D:4      | Noticed Ijyb
  4039 | D:4      | Killed Ijyb
  4053 | D:4      | Identified the +1 ring mail of the Old World {Regen+ Str+3}
  4329 | D:5      | Reached skill level 5 in Polearms
  4375 | D:4      | Noticed Grinder
  4393 | D:4      | Killed Grinder
  4446 | D:4      | Found Xuestred's Weapon Boutique.
  4677 | D:5      | Reached skill level 8 in Axes
  4740 | D:5      | Reached XP level 9. HP: 78/78 MP: 8/8
  5153 | D:5      | Found an opulent altar of Gozag.
  5539 | D:6      | Noticed Maggie
  5553 | D:6      | Killed Maggie
  5554 | D:6      | Reached skill level 9 in Axes
  5587 | D:6      | Noticed Duvessa
  5587 | D:6      | Noticed Dowan
  5596 | D:6      | Killed Duvessa
  5603 | D:6      | Killed Dowan
  5824 | D:7      | Reached skill level 5 in Dodging
  5832 | D:7      | Reached skill level 10 in Axes
  5918 | D:6      | Found a runed translucent gate.
  5919 | D:6      | Found a runed translucent gate.
  5919 | D:6      | Found a runed translucent gate.
  5920 | D:6      | Noticed Minsecho's ghost (novice OgAM)
  5920 | D:6      | Noticed GrayStillPlays's ghost (novice DjCA)
  5920 | D:6      | Noticed IowanPunch's ghost (amateur HOFi)
  5920 | D:6      | Noticed BeavisTheGrey's ghost (novice TrMo)
  5968 | D:6      | Noticed Edmund
  5978 | D:6      | Killed Edmund
  6001 | D:6      | Found a staircase to the Ecumenical Temple.
  6014 | Temple   | Entered the Ecumenical Temple
  6196 | D:6      | Found a shimmering altar of Xom.
  6196 | D:6      | Found a faded altar of an unknown god.
  6204 | D:6      | Found a shadowy altar of Dithmenos.
  6206 | D:6      | Found a faded altar of an unknown god.
  6208 | D:6      | Found a stormy altar of Qazlal.
  6484 | D:7      | Found a snail-covered altar of Cheibriados.
  6484 | D:7      | Found an ancient bone altar of Kikubaaqudgha.
  6628 | D:7      | Reached XP level 10. HP: 80/88 MP: 9/9
  6650 | D:7      | Noticed a purple ugly thing
  6674 | D:7      | Killed a purple ugly thing
  6675 | D:7      | Reached skill level 11 in Axes
  6690 | D:7      | Noticed a manticore
  6695 | D:7      | Noticed a sun demon
  6697 | D:7      | Noticed a sixfirhy
  6704 | D:7      | Slain by a sun demon

Illustrated notes

Levels and vault maps discovered:
D:1:      onia_arrival_zoo_common, layout_loops_ring,
          shapermc_ecumenical_altar_mp_ritualfount
D:2:      layout_loops_ring
D:3:      layout_rooms, nicolae_hepliaklqana_monster_ancestors
D:4:      layout_cave_pools, serial_shops, nicolae_shop_behind_doors,
          minmay_misc_feat_plants, uniq_sigmund, uniq_robin, uniq_eustachio,
          uniq_ijyb, uniq_grinder
D:5:      layout_cave_pods, old_standard_altar, chequers_serial_rivers_small_3
D:6:      layout_rooms, chequers_temple_overflow_minitemple, zin_academy,
          minmay_temple_entry_tees, gammafunk_ghost_cemetery,
          chequers_hall_statues_y, uniq_duvessa, uniq_edmund, uniq_maggie,
          uniq_blork_the_orc
D:7:      nzn_winding_woodlands_medium [nzn_winding_woodlands_5x5_cross,
          nzn_winding_woodlands_5x15_zeroes, nzn_winding_woodlands_5x5_default,
          nzn_winding_woodlands_5x5_open_star,
          nzn_winding_woodlands_center_garden,
          nzn_winding_woodlands_5x5_checkerboard,
          nzn_winding_woodlands_hourglass, nzn_winding_woodlands_5x15_longhouse,
          nzn_winding_woodlands_5x5_perimeter], layout_gridville,
          amethyst_overflow_temple_binary
Temple:   compressed_dpeg_circular_temple

Skill      XL: |  1  2  3  4  5  6  7  8  9 10 |
---------------+-------------------------------+-----
Fighting       | 4 5 6 8 |  8.4
Axes           | 4 5 6 7 8 10 11 | 11.2
Armour         | 3 4 5 7 8 |  8.6
Throwing       | 1 2 |  2.5
Dodging        | 3 4 5 |  5.6
Polearms       | 2 3 5 |  5.0
Stealth        | 1 2 |  2.0

Action                   |  1- 3 |  4- 6 |  7- 9 | 10-12 || total
-------------------------+-------+-------+-------+-------++-------
Melee: Hand axe          |    66 |    50 |   236 |    44 ||   396
       Punch             |     2 |     1 |    10 |     1 ||    14
       Headbutt          |     5 |     9 |    50 |     8 ||    72
       Trident           |       |    51 |    43 |       ||    94
Throw: Stone             |    18 |    18 |     5 |       ||    41
       Boomerang         |       |       |     3 |     2 ||     5
       Dart              |       |       |     3 |       ||     3
Invok: Berserk           |     1 |     5 |     8 |     1 ||    15
       Trog's Hand       |       |     2 |     6 |     2 ||    10
 Stab: Sleeping          |       |     1 |       |       ||     1
Armor: Animal skin       |     5 |       |       |       ||     5
       Leather armour    |    13 |    11 |       |       ||    24
       Ring mail         |       |    16 |    79 |     9 ||   104
Dodge: Dodged            |    31 |    69 |   134 |    20 ||   254
